Map: Pride of Altaris LE

Players

Astrea

  • Race: Protoss Protoss
  • League: Master

ByuN - Winner!

  • Race: Terran Terran

Event: DreamHack SC2 Masters Last Chance 2022

VOD

Have the link to the VOD?

Description

Time

  • Played on: Dec. 19, 2021, 6:38 p.m.
  • Length: 9:32

All games in this series

Show
View Real Time Build Order
Export as new Build Order

Astrea Protoss 

Build Orders: 1 Gate Expand, Blink Stalkers, Zealot Archon, Colossus Rush 

Get SALT Encoding   

  12  0:00  Probe  
  13  0:12  Probe  
  14  0:16  Pylon  
  14  0:24  Probe (Chrono Boost)  
  16  0:35  Gateway  
  16  0:36  Probe (Chrono Boost)  
  16  0:42  Probe (Chrono Boost)  
  16  0:44  Assimilator  
  17  0:51  Probe  
  18  1:03  Probe  
  19  1:15  Probe  
  20  1:21  Nexus  
  20  1:29  Cybernetics Core  
  20  1:32  Probe  
  20  1:38  Assimilator  
  21  1:45  Probe  
  22  1:49  Pylon  
  22  1:56  Probe  
  23  2:04  Adept (Chrono Boost), Probe  
  25  2:08  Warp Gate  
  25  2:12  Probe  
  26  2:17  Twilight Council  
  27  2:25  Probe (Chrono Boost)  
  27  2:27  Adept  
  30  2:34  Probe (Chrono Boost)  
  32  2:42  Probe (Chrono Boost)  
  32  2:43  Probe (Chrono Boost)  
  33  2:48  Probe (Chrono Boost)  
  33  2:49  Probe (Chrono Boost)  
  35  2:52  Gateway  
  35  2:55  Blink (Chrono Boost)  
  35  3:00  Probe  
  35  3:02  Probe  
  37  3:08  Stalker  
  37  3:12  Probe (Chrono Boost)  
  40  3:19  Probe (Chrono Boost)  
  41  3:21  Robotics Facility  
  41  3:24  Probe (Chrono Boost)  
  43  3:29  Probe x2 (Chrono Boost), Pylon  
  44  3:38  Probe (Chrono Boost)  
  44  3:40  Assimilator  
  46  3:41  Assimilator  
  46  3:44  Probe (Chrono Boost)  
  47  3:48  Probe (Chrono Boost)  
  47  3:52  Probe (Chrono Boost)  
  47  3:53  Probe (Chrono Boost), Pylon  
  49  3:57  Stalker x2  
  53  4:03  Probe  
  54  4:11  Probe  
  54  4:12  Observer  
  54  4:15  Probe  
  54  4:17  Robotics Bay  
  57  4:22  Pylon  
  58  4:25  Stalker  
  58  4:26  Stalker  
  61  4:33  Nexus  
  61  4:37  Pylon  
  61  4:39  Probe  
  61  4:40  Observer, Probe  
  64  4:48  Forge  
  64  4:51  Probe  
  64  4:52  Probe, Charge  
  66  4:58  Sentry  
  68  5:03  Probe  
  68  5:04  Probe  
  68  5:06  Colossus (Chrono Boost)  
  70  5:13  Pylon  
  76  5:15  Probe  
  76  5:16  Probe  
  76  5:21  Protoss Ground Weapons Level 1  
  78  5:23  Pylon  
  78  5:27  Observer  
  78  5:31  Probe x2  
  78  5:33  Extended Thermal Lance  
  80  5:40  Observer  
  80  5:43  Probe x2  
  80  5:46  Probe  
  80  5:49  Colossus (Chrono Boost)  
  83  5:55  Probe x2  
  91  5:57  Pylon  
  91  5:58  Probe, Pylon  
  91  6:03  Sentry  
  94  6:05  Shield Battery  
  94  6:07  Probe x2  
  94  6:08  Assimilator  
  94  6:10  Assimilator, Probe  
  95  6:15  Gateway  
  95  6:17  Gateway  
  95  6:19  Gateway, Probe  
  96  6:29  Zealot x2, Gateway  
  96  6:31  Gateway  
  96  6:32  Pylon  
  100  6:34  Probe  
  100  6:39  Disruptor  
  107  6:46  Pylon  
  104  6:47  Gateway, Templar Archives  
  104  6:49  Robotics Facility  
  104  6:51  Pylon  
  104  6:58  Zealot x2  
  104  7:00  Pylon  
  108  7:06  Forge  
  104  7:18  Stalker x2  
  104  7:19  Zealot x3  
  104  7:20  Disruptor  
  104  7:21  Observer  
  113  7:27  Photon Cannon  
  113  7:29  Pylon  
  113  7:31  High Templar x2, Shield Battery  
  113  7:36  Archon  
  117  7:37  Disruptor  
  117  7:43  Zealot x5  
  129  7:46  Zealot  
  131  7:57  Nexus  
  131  7:58  Disruptor (Chrono Boost)  
  134  8:10  Photon Cannon  
  134  8:12  High Templar x2  
  136  8:13  Zealot x2  
  136  8:14  Zealot, Disruptor (Chrono Boost)  
  136  8:18  Archon  
  145  8:24  Observer  
  143  8:27  Zealot x3  
  143  8:29  Pylon  
  143  8:33  Pylon  
  152  8:41  Zealot x3  
  152  8:43  Disruptor (Chrono Boost)  
  152  8:47  Zealot x2, High Templar x2  
  152  8:48  Zealot  
  168  8:52  Archon  
  160  9:05  Zealot  
  136  9:15  Pylon  
  136  9:19  Zealot x3  
  139  9:30  Zealot  
Show
View Real Time Build Order
Export as new Build Order

ByuN Terran - Winner!

Build Orders: Reaper Expand 

Get SALT Encoding   

  12  0:00  SCV  
  13  0:12  SCV  
  14  0:17  Supply Depot  
  14  0:24  SCV  
  15  0:38  SCV  
  15  0:40  Barracks  
  16  0:42  Refinery  
  16  0:51  SCV  
  17  1:03  SCV  
  18  1:15  SCV  
  19  1:26  Reaper  
  19  1:28  Orbital Command  
  20  1:38  Command Center  
  20  1:46  Supply Depot  
  20  1:53  SCV  
  21  1:59  Barracks Reactor  
  21  2:05  SCV  
  22  2:18  SCV  
  22  2:19  Command Center  
  23  2:27  Barracks  
  23  2:30  SCV  
  23  2:36  Marine x2  
  26  2:42  SCV  
  27  2:51  Orbital Command  
  27  2:53  Marine  
  27  2:54  Marine  
  27  2:55  SCV  
  30  3:01  Barracks  
  30  3:07  SCV  
  30  3:12  Marine x2  
  32  3:16  Barracks Tech Lab  
  32  3:18  SCV  
  32  3:19  SCV  
  35  3:30  SCV, Marine x2  
  35  3:31  SCV  
  35  3:32  Orbital Command  
  39  3:34  Stimpack, Marine  
  40  3:42  SCV  
  40  3:43  SCV  
  40  3:48  Marine x3  
  43  3:52  Engineering Bay, Marine  
  43  3:54  SCV  
  43  3:55  SCV  
  48  3:58  Refinery  
  48  4:04  SCV  
  48  4:06  SCV  
  49  4:10  Bunker  
  49  4:12  Marine x2  
  49  4:13  Marauder, Barracks Tech Lab  
  49  4:14  SCV  
  49  4:16  Factory, SCV  
  55  4:18  SCV  
  56  4:24  Terran Infantry Weapons Level 1  
  56  4:25  Refinery  
  56  4:27  Supply Depot, SCV  
  56  4:29  SCV  
  56  4:30  Marine x2  
  60  4:40  Supply Depot  
  60  4:45  SCV  
  61  4:48  SCV x2  
  61  4:49  Marauder x2, Supply Depot  
  61  4:51  Marine x2  
  61  4:52  Combat Shield  
  69  5:01  Supply Depot, SCV x3  
  69  5:07  Starport  
  72  5:08  Refinery  
  72  5:09  Factory Reactor  
  72  5:10  Marine x2  
  74  5:14  SCV x3  
  74  5:19  Marauder x2  
  81  5:21  Orbital Command  
  81  5:29  SCV  
  81  5:30  SCV  
  81  5:34  Marine  
  81  5:35  Concussive Shells, Marine, Barracks  
  85  5:36  Barracks  
  85  5:40  Supply Depot  
  85  5:41  Supply Depot  
  85  5:42  SCV  
  86  5:44  Missile Turret  
  86  5:47  Marauder  
  86  5:49  Marauder  
  89  5:52  SCV  
  89  5:53  SCV  
  89  5:54  SCV, Marine  
  93  6:00  Factory Tech Lab  
  93  6:01  Marine  
  94  6:04  SCV  
  94  6:05  Supply Depot, SCV  
  94  6:06  Medivac, SCV  
  94  6:09  Marauder  
  94  6:10  Medivac  
  103  6:16  Supply Depot  
  103  6:17  SCV x2  
  105  6:20  Missile Turret, Siege Tank  
  108  6:28  SCV  
  108  6:29  Supply Depot, SCV x2  
  108  6:32  Barracks Reactor, Barracks Tech Lab  
  111  6:34  Supply Depot, Terran Infantry Armor Level 1  
  111  6:40  Marine x2  
  111  6:41  Marauder x2  
  111  6:46  Medivac x2  
  121  6:47  SCV x2  
  121  6:48  SCV  
  121  6:54  Refinery x2  
  124  6:55  Supply Depot  
  124  6:56  Siege Tank  
  127  7:01  SCV x2  
  127  7:02  SCV  
  119  7:16  Marauder x3, Marine  
  119  7:17  Marine  
  119  7:21  Medivac  
  127  7:23  SCV  
  127  7:24  SCV x2  
  127  7:26  Missile Turret  
  127  7:28  Siege Tank  
  127  7:29  Supply Depot  
  133  7:30  Marine  
  133  7:31  Marine  
  133  7:34  Marine x2  
  133  7:36  Armory  
  139  7:37  Marauder x3, Engineering Bay  
  143  7:48  Marine  
  143  7:49  Marine  
  145  7:52  Marine x2  
  145  7:55  Supply Depot x2  
  145  7:57  Viking x2  
  153  7:58  Marauder x2  
  153  7:59  Marauder  
  155  8:10  Siege Tank  
  157  8:15  Ghost Academy  
  157  8:16  Marine x4  
  165  8:20  Marauder x3  
  167  8:28  Medivac  
  167  8:29  Medivac  
  171  8:37  Marine x2  
  173  8:46  Supply Depot x3  
  173  8:48  Barracks  
  173  8:49  Barracks  
  173  8:50  Barracks  
  173  9:03  Marine x2  
  173  9:04  Marauder x3  
  173  9:09  Marine x2  
  161  9:22  Command Center  

Tags
 
Add a new tag
Caveats
  • Supply blocks, unpowered buildings, or Contaminate may cause inaccurate times.
  • Supply counts are checked every 10 seconds.